 Dungeon Sprint DCSS version 0.23.2-1-ga50397a6bc (webtiles) character file.

Game seed: 17345822355283882515

2029 Kobolds4U the Carver (level 9, -1/90 HPs)
             Began as a Purple Draconian Berserker on Apr 28, 2019.
             Was an Elder of Trog.
             Slain by a lindwurm (18 damage)
             ... in the Dungeon (Sprint I: "Red Sonja").
             The game lasted 00:05:43 (1372 turns).

Kobolds4U the Carver (Purple Draconian Berserker)   Turns: 1372, Time: 00:05:43

Health: -1/90      AC:  7    Str: 21    XL:     9   Next: 3%
Magic:  9/9        EV: 19    Int:  7    God:    Trog [****..]
Gold:   494        SH:  0    Dex: 13    Spells: 8/8 levels left

rFire    . . .     SeeInvis .   a - +0 falchion
rCold    . . .     Gourm    .   (no shield)
rNeg     . . .     Faith    .   (armour unavailable)
rPois    .         Spirit   .   (helmet restricted)
rElec    .         Reflect  .   (no cloak)
rCorr    .         Harm     .   (no gloves)
MR       +++..     NoTele   +   (no boots)
Stlth    +.........             (no amulet)
HPRegen  1.25/turn              (no ring)
MPRegen  0.11/turn              (no ring)

@: regenerating
A: breathe power, unfitting armour, beak, cold-blooded, AC +7
a: Breathe Dispelling Energy, Berserk, Trog's Hand, Brothers in Arms, Renounce
Religion


You were in the Dungeon.
You worshipped Trog.
Trog was greatly pleased with you.
You were near starving.

You visited 1 branch You collected 494 gold pieces.

Inventory:

Hand Weapons
 a - a +0 falchion (weapon)
Wands
 i - a wand of flame (24)
Scrolls
 h - a scroll of blinking
Potions
 c - a potion of curing
 d - a potion of heal wounds
 e - a potion of haste
 f - 2 potions of magic
 g - a potion of berserk rage
 k - a potion of lignification {unknown}
Comestibles
 b - a ration


   Skills:
 + Level 11.8 Fighting
 + Level 12.9 Long Blades
 * Level 11.1 Dodging


You had 8 spell levels left.
You didn't know any spells.
Your spell library was empty.

Dungeon Overview and Level Annotations

Branches:
Dungeon (1/1)

Altars:
Cheibriados
Dithmenos
Elyvilon
Fedhas
Gozag
Hepliaklqana
Kikubaaqudgha
Makhleb
Nemelex Xobeh
Okawaru
Qazlal
Ru
Sif Muna
Trog
Uskayaw
Vehumet
Wu Jian
Xom
Yredelemnul
Zin
The Shining One
Jiyva
Lugonu

Shops:
D ?


Innate Abilities, Weirdness & Mutations

You can breathe bolts of dispelling energy.
Your rich purple scales are hard. (AC +7)
You cannot fit into any form of body armour.
You are cold-blooded and may be slowed by cold attacks.
You have a beak for a mouth.


Message History

The lindwurm bites you!
* * * LOW HITPOINT WARNING * * *
The lindwurm claws you!
* * * LOW HITPOINT WARNING * * *
The lindwurm closely misses you.
You're too hungry.
You hit the lindwurm.
You peck the lindwurm, but do no damage.
You tail-slap the lindwurm.
The lindwurm is severely wounded.
The lindwurm barely misses you.
You riposte.
You hit the lindwurm but do no damage.
Your tail-slap misses the lindwurm.
The lindwurm is severely wounded.
The lindwurm barely misses you. The lindwurm closely misses you.
You hit the lindwurm but do no damage.
The lindwurm is severely wounded.
You barely miss the lindwurm.
The lindwurm is severely wounded.
The lindwurm bites you!!
You die...

####################
.#__#..')..#.[#§@k§+
.'..'.§#.)†##'#§####
'#__####...'.§#§#
(#### #####.§'§# .#
#+#### .+ _# '# .#


You could see a lindwurm.

Vanquished Creatures
  3 demonic crawlers (D)
  2 kobold demonologists (D)
  A slime creature (D)
  Sigmund (D)
  A yak (D)
  A floating eye (D)
  An ogre (D)
  A jelly (D)
  Ijyb (D)
12 creatures vanquished.

Vanquished Creatures (collateral kills)
  A demonic crawler (D)
1 creature vanquished.

Vanquished Creatures (others)
  A hornet (D)
1 creature vanquished.

Grand Total: 14 creatures vanquished

Notes
Turn   | Place    | Note
-------+----------+-------------------------------------------
     0 | D        | Kobolds4U the Draconian Berserker began the quest for the
                  | Orb.
     0 | D        | Reached XP level 1. HP: 19/19 MP: 1/1
     1 | D        | Noticed Ijyb
    18 | D        | Killed Ijyb
    18 | D        | Reached skill level 5 in Long Blades
    18 | D        | Reached XP level 2. HP: 6/28 MP: 2/2
   260 | D        | Noticed an ogre
   263 | D        | Killed an ogre
   263 | D        | Reached skill level 7 in Long Blades
   263 | D        | Reached skill level 5 in Dodging
   263 | D        | Reached XP level 3. HP: 37/37 MP: 3/3
   263 | D        | Reached XP level 4. HP: 44/44 MP: 4/4
   311 | D        | Noticed Sigmund
   325 | D        | Killed Sigmund
   325 | D        | Reached ** piety under Trog
   325 | D        | Reached skill level 9 in Long Blades
   325 | D        | Reached XP level 5. HP: 36/52 MP: 5/5
   325 | D        | Reached XP level 6. HP: 42/60 MP: 6/6
   425 | D        | Found an ornate altar of the Wu Jian Council.
   425 | D        | Found a deep blue altar of Sif Muna.
   427 | D        | Found a radiant altar of Vehumet.
   458 | D        | Found Imymeot's Magic Scroll Emporium.
   458 | D        | Found an ancient bone altar of Kikubaaqudgha.
   458 | D        | Found a hazy altar of Hepliaklqana.
   458 | D        | Found a stormy altar of Qazlal.
   458 | D        | Found a hide-covered altar of Uskayaw.
   458 | D        | Found a blossoming altar of Fedhas.
   458 | D        | Found a bloodstained altar of Trog.
   458 | D        | Found an iron altar of Okawaru.
   458 | D        | Found a basalt altar of Yredelemnul.
   458 | D        | Found a glowing golden altar of the Shining One.
   458 | D        | Found a snail-covered altar of Cheibriados.
   458 | D        | Found a sacrificial altar of Ru.
   458 | D        | Found a glowing silver altar of Zin.
   458 | D        | Found a shadowy altar of Dithmenos.
   458 | D        | Found a white marble altar of Elyvilon.
   458 | D        | Noticed a yak
   466 | D        | Killed a yak
   466 | D        | Reached skill level 10 in Long Blades
   467 | D        | Found an opulent altar of Gozag.
   468 | D        | Found a sparkling altar of Nemelex Xobeh.
   669 | D        | Found a viscous altar of Jiyva.
   669 | D        | Found a corrupted altar of Lugonu.
   669 | D        | Noticed a slime creature
   670 | D        | Found a burning altar of Makhleb.
   670 | D        | Found a shimmering altar of Xom.
   681 | D        | Killed a slime creature
   681 | D        | Reached *** piety under Trog
   681 | D        | Reached skill level 11 in Long Blades
   681 | D        | Your scales start taking on a rich purple colour.
   681 | D        | Reached XP level 7. HP: 42/70 MP: 7/7
   811 | D        | Noticed a kobold demonologist
   811 | D        | Noticed a kobold demonologist
   812 | D        | Noticed a neqoxec
   818 | D        | Gained mutation: You have a beak for a mouth. [a neqoxec]
   819 | D        | Noticed an orange demon
   827 | D        | Killed a kobold demonologist
   827 | D        | Reached skill level 10 in Fighting
   827 | D        | Reached skill level 12 in Long Blades
   830 | D        | Killed a kobold demonologist
   830 | D        | Reached **** piety under Trog
   830 | D        | Reached XP level 8. HP: 29/80 MP: 8/8
   864 | D        | Killed a hornet
  1185 | D        | Noticed a demonic crawler
  1185 | D        | Noticed a demonic crawler
  1185 | D        | Noticed a demonic crawler
  1185 | D        | Noticed a demonic crawler
  1191 | D        | Killed a demonic crawler
  1195 | D        | Killed a demonic crawler
  1195 | D        | Reached skill level 10 in Dodging
  1199 | D        | Killed a demonic crawler
  1204 | D        | Killed a demonic crawler
  1204 | D        | Reached XP level 9. HP: 51/90 MP: 9/9
  1353 | D        | Noticed a lindwurm
  1372 | D        | Slain by a lindwurm

Skill      XL: |  1  2  3  4  5  6  7  8 |
---------------+-------------------------+-----
Fighting       | 4 6 7 9 10 11 | 11.8
Long Blades    | 5 7 9 11 12 | 12.9
Dodging        | 3 5 6 7 8 11 | 11.1

Action                   |  1- 3 |  4- 6 |  7- 9 || total
-------------------------+-------+-------+-------++-------
Melee: Falchion          |    18 |    35 |    47 ||   100
       Tailslap          |     2 |     9 |    17 ||    28
       Peck              |       |       |    17 ||    17
Invok: Berserk           |     1 |       |     2 ||     3
       Trog's Hand       |       |       |     2 ||     2
       Brothers in Arms  |       |       |     1 ||     1
 Abil: Breathe Dispellin |       |       |     1 ||     1
  Eat: Ration            |       |       |     1 ||     1
Armor: Skin              |     5 |       |     8 ||    13
Dodge: Dodged            |    10 |    14 |    58 ||    82
       Rpst.: Falchion   |     4 |     6 |    10 ||    20
